 Dungeon Crawl Stone Soup version 0.29.1-12-g30fa7ad0bf (webtiles) character file.

Game seed: 16180132516769699610

1044 cheesebisquit the Cleaver (level 8, -3/66 HPs)
             Began as a Minotaur Berserker on Dec 23, 2022.
             Was a Priest of Trog.
             Slain by an orc warrior
             ... wielding a +0 dire flail
              (8 damage)
             ... on level 6 of the Dungeon.
             The game lasted 00:21:10 (4419 turns).

cheesebisquit the Cleaver (Minotaur Berserker)      Turns: 4419, Time: 00:21:10

Health: -3/66      AC:  8    Str: 25    XL:     8   Next: 4%
Magic:  7/7        EV: 12    Int:  4    God:    Trog [***...]
Gold:   229        SH:  0    Dex: 15    Spells: 7/7 levels left

rFire   . . .      SeeInvis .   x - +0 war axe
rCold   + . .      Faith    .   (no shield)
rNeg    . . .      Spirit   .   E - +2 ring mail {rC+}
rPois   .          Reflect  .   (helmet restricted)
rElec   .          Harm     .   (no cloak)
rCorr   .          Rampage  .   u - +0 pair of gloves
Will    +++..                   (no boots)
Stlth   +.........              (no amulet)
HPRegen 1.21/turn               k - ring of willpower
MPRegen 0.10/turn               B - +6 ring of dexterity

@: strong-willed, on berserk cooldown, regenerating
A: horns 2, retaliatory headbutt
a: Renounce Religion, Berserk, Trog's Hand


You were on level 6 of the Dungeon.
You worshipped Trog.
Trog was most pleased with you.
You visited 1 branch of the dungeon, and saw 6 of its levels.

You collected 229 gold pieces.

Inventory:

Hand Weapons
 a - a +0 hand axe
 x - a +0 war axe (weapon)
Missiles
 c - 42 stones (quivered)
 l - 4 atropa-tipped darts
 s - 3 poisoned darts
 A - 2 throwing nets
Armour
 b - a +0 animal skin
 g - a +0 ring mail
 u - a +0 pair of gloves (worn)
 w - a +0 scale mail
 E - a +2 ring mail of cold resistance (worn)
Jewellery
 k - a ring of willpower (left hand)
 B - a +6 ring of dexterity (right hand)
 C - a ring of protection from fire
Scrolls
 f - 3 scrolls of fear
 j - a scroll of poison
 m - 3 scrolls of fog
 p - a scroll of vulnerability {unknown}
 r - 3 scrolls of enchant weapon {unknown}
 t - a scroll of blinking {unknown}
 y - a scroll of noise {unknown}
 D - a scroll of teleportation {unknown}
Potions
 e - 2 potions of resistance
 h - 2 potions of flight
 i - a potion of berserk rage {unknown}
 n - a potion of haste {unknown}
 o - 2 potions of ambrosia
 q - 3 potions of curing {unknown}
 v - a potion of lignification {unknown}
 z - 2 potions of brilliance {unknown}


   Skills:
 - Level 4.1 Fighting
 + Level 11.2 Axes
 - Level 3.1 Armour
 - Level 2.9 Dodging


You had 7 spell levels left.
You didn't know any spells.
Your spell library was empty.

Dungeon Overview and Level Annotations

Branches:
Dungeon (6/15)             Temple (0/1) D:5

Altars:

Shops:
D:2 [   D:4 :   D:5 *


Innate Abilities, Weirdness & Mutations

You have a pair of horns on your head.
You reflexively headbutt those who attack you in melee.


Message History

The orc warrior is healed somewhat.
The orc warrior barely misses you.
You feel much better. The orc priest misses you.
The orc warrior barely misses you. The orc warrior completely misses you.
The orc priest hits you with a +0 flail.
You hit the orc priest.
You headbutt the orc priest, but do no damage.
The orc priest is heavily wounded.
You barely miss the orc warrior.
The orc priest hits you with a +0 flail.
The orc warrior hits you with a +0 dire flail!
You hit the orc priest but do no damage.
The orc priest is heavily wounded.
You closely miss the orc warrior. The orc priest barely misses you.
The orc warrior hits you with a +0 dire flail! x2
* * * LOW HITPOINT WARNING * * *
The orc priest hits you with a +0 flail.
* * * LOW HITPOINT WARNING * * *
You closely miss the orc priest.
The orc priest is heavily wounded.
You hit the orc warrior.
The orc priest hits you but does no damage.
The orc warrior closely misses you. You furiously retaliate!
You headbutt the orc warrior, but do no damage.
You slash the orc priest!
You kill the orc priest!
Trog accepts your kill.
You barely miss the orc warrior.
The orc warrior hits you with a +0 dire flail.
* * * LOW HITPOINT WARNING * * *
You hit the orc warrior.
You punch the orc warrior, but do no damage.
The orc warrior is heavily wounded.
You feel yourself speed up. The orc warrior misses you.
The orc warrior hits you with a +0 dire flail!
* * * LOW HITPOINT WARNING * * *
You closely miss the orc warrior. Your headbutt misses the orc warrior.
The orc warrior is heavily wounded.
The orc warrior hits you with a +0 dire flail!
You die...

##...).## #..#
##.†###))####..# ##..##
##).....# # ....#
##....## .. ###.# #...##
... ###.#### #...## ....
.......###....## <....
.##.##.##......###......
....##.#..##....@)......
.##.##...# ###..o)......
.##.#...## ##........#
.))....## ##.......#
.##...## #......## .
#..## #......# .##...#
#......# ......##
#...$.## !##....#


You could see an orc warrior.

Vanquished Creatures
  A water moccasin (D:6)
  2 ogres
  A bullfrog (D:6)
  A necrophage (D:5)
  A scorpion (D:5)
  A howler monkey (D:5)
  2 orc priests
  4 iguanas
  6 orc wizards
  8 adders
  3 gnolls (D:5)
  2 worms
  4 dart slugs
  21 orcs
  8 bats
  6 endoplasms
  A giant cockroach (D:1)
  4 goblins
  8 hobgoblins
  5 jackals
  3 quokkas (D:2)
  8 ball pythons
  9 frilled lizards
  3 kobolds
  20 rats
132 creatures vanquished.

Vanquished Creatures (others)
  2 withered plants (D:1)
2 creatures vanquished.

Grand Total: 134 creatures vanquished

Notes
Turn   | Place    | Note
-------+----------+-------------------------------------------
     0 | D:1      | cheesebisquit the Minotaur Berserker began the quest for
                  | the Orb.
     0 | D:1      | Reached XP level 1. HP: 19/19 MP: 0/0
   158 | D:1      | Reached XP level 2. HP: 27/27 MP: 1/1
   648 | D:1      | Reached skill level 4 in Axes
   970 | D:2      | Found Nastruli's Antique Armour Emporium.
  1016 | D:2      | Reached XP level 3. HP: 33/33 MP: 2/2
  1175 | D:2      | Reached ** piety under Trog
  1387 | D:2      | Reached XP level 4. HP: 40/40 MP: 3/3
  1448 | D:2      | Reached skill level 5 in Axes
  1652 | D:2      | Identified the +7 spear of Agony {chaos, rElec rF- rN+
                  | Will+}
  2110 | D:3      | Reached *** piety under Trog
  2607 | D:4      | Reached skill level 6 in Axes
  2607 | D:4      | Reached XP level 5. HP: 24/46 MP: 4/4
  2845 | D:4      | Found Xenkanef's Tremendous Tomes.
  2995 | D:4      | Reached skill level 7 in Axes
  3282 | D:5      | Entered Level 5 of the Dungeon
  3407 | D:5      | Reached XP level 6. HP: 52/52 MP: 5/5
  3425 | D:5      | Reached skill level 8 in Axes
  3559 | D:5      | Reached skill level 9 in Axes
  3559 | D:5      | Reached XP level 7. HP: 59/59 MP: 6/6
  3642 | D:5      | Found a staircase to the Ecumenical Temple.
  3893 | D:5      | Found Zutrido's Assorted Antiques.
  4175 | D:6      | Reached skill level 10 in Axes
  4390 | D:6      | Reached skill level 11 in Axes
  4411 | D:6      | Reached XP level 8. HP: 7/66 MP: 7/7
  4411 | D:6      | HP: 3/66 [orc priest/+0 flail (6)]
  4419 | D:6      | Slain by an orc warrior

Illustrated notes

Levels and vault maps discovered:
D:1:      spicycebolla_arrival_clurvy, layout_loops_ring, minmay_split_cup_small
D:2:      layout_loops_ring, serial_shops, nicolae_shop_hallway_stairs,
          minmay_rat_hole
D:3:      layout_loops_ring
D:4:      minmay_door_path, layout_cave_pools, nicolae_shop_i_like_big_books
D:5:      cheibrodos_iron_armory, layout_cave_pools,
          minmay_temple_entry_antechambers, serial_shops, shop
D:6:      layout_layer_cave, minmay_diced_spiral

Skill      XL: |  1  2  3  4  5  6  7 |
---------------+----------------------+-----
Axes           | 4 6 7 9 11 | 11.2
Fighting       | 4 |  4.1
Armour         | 3 |  3.1
Dodging        | |  2.9

Action                   |  1- 3 |  4- 6 |  7- 9 || total
-------------------------+-------+-------+-------++-------
Melee: Hand axe          |   110 |   122 |     1 ||   233
       Headbutt          |     9 |    11 |    12 ||    32
       War axe           |       |       |    52 ||    52
       Punch             |       |       |     1 ||     1
Invok: Berserk           |     1 |     4 |     2 ||     7
       Trog's Hand       |       |     3 |     1 ||     4
  Use: Scroll            |       |     8 |       ||     8
       Potion            |       |       |     3 ||     3
Armor: Animal skin       |     4 |       |       ||     4
       Ring mail         |    30 |    22 |     4 ||    56
       Scale mail        |       |    12 |     6 ||    18
Dodge: Dodged            |    73 |    56 |    33 ||   162
